 Dungeon Crawl Stone Soup version 0.23.2-40-g277498a001 (webtiles) character file.

Game seed: 17026340921114384627

16 ANON1729 the Chopper (level 2, 0/26 HPs)
             Began as a Naga Gladiator on Sept 18, 2019.
             Slain by a goblin
             ... wielding a +0 club
              (4 damage)
             ... on level 1 of the Dungeon.
             The game lasted 00:00:39 (468 turns).

ANON1729 the Chopper (Naga Gladiator)                Turns: 468, Time: 00:00:40

Health: 0/26       AC:  4    Str: 16    XL:     2   Next: 58%
Magic:  2/2        EV: 10    Int:  8    God:
Gold:   24         SH:  0    Dex: 12    Spells: 1/1 levels left

rFire    . . .     SeeInvis +   a - +0 war axe
rCold    . . .     Gourm    .   (no shield)
rNeg     . . .     Faith    .   b - +0 leather armour
rPois    +         Spirit   .   c - +0 helmet
rElec    .         Reflect  .   (no cloak)
rCorr    .         Harm     .   e - +0 pair of gloves
MR       .....                  (no barding)
Stlth    +.........             (no amulet)
HPRegen  0.08/turn              (no ring)
MPRegen  0.08/turn              (no ring)

@: very slow
A: large, see invisible, deformed body, poison resistance, slowness 2, slow
metabolism 1, spit poison 1, AC +0
a: Spit Poison


You were on level 1 of the Dungeon.
You were not hungry.

You visited 1 branch of the dungeon, and saw 1 of its levels.

You collected 24 gold pieces.

Inventory:

Hand Weapons
 a - a +0 war axe (weapon)
Missiles
 d - 3 throwing nets (quivered)
Armour
 b - a +0 leather armour (worn)
 c - a +0 helmet (worn)
 e - a +0 pair of gloves (worn)
Jewellery
 h - an uncursed ring of protection from magic {unknown}
Scrolls
 g - a scroll of noise {unknown}
 i - 2 scrolls of remove curse {unknown}
 j - a scroll of magic mapping {unknown}
 k - a scroll of identify {unknown}
Potions
 l - a potion of heal wounds {unknown}
Comestibles
 f - 4 rations


   Skills:
 + Level 2.2 Fighting
 + Level 3.2 Axes
 + Level 2.1 Throwing
 + Level 2.6 Dodging


You had one spell level left.
You didn't know any spells.
Your spell library was empty.

Dungeon Overview and Level Annotations

Branches:
Dungeon (1/15)

Altars:


Innate Abilities, Weirdness & Mutations

You cannot wear boots.
Your serpentine skin is tough. (AC +0)
You have supernaturally acute eyesight. (SInv)
Armour fits poorly on your strangely shaped body.
Your system is resistant to poisons. (rPois)
You cover ground very slowly.
You have a slow metabolism.
You can spit poison.


Message History

The goblin shouts!
You hear a shout!
A leopard gecko comes into view.
A kobold comes into view. It is wielding a -3 dagger.
You see here a kobold corpse.
A rat comes into view. x2
The kobold throws a stone.
The stone barely misses you.
The rat moves out of view.
A kobold comes into view. It is wielding a +0 short sword.
The kobold shouts!
The leopard gecko hisses angrily.
An ooze comes into view.
Found a stone staircase leading down.
The goblin hits you with a +0 club.
* * * LOW HITPOINT WARNING * * *
The goblin closely misses you.
You hit the kobold but do no damage. You hit the goblin but do no damage.
The kobold closely misses you. The goblin completely misses you.
The leopard gecko closely misses you. The goblin barely misses you.
The kobold closely misses you. The goblin hits you with a +0 club.
You die...

#.........##.............
#.........# ##..###......
#..†......# ##.# #..#...
#.........# #.#....#...
########.## .#...>....
#.# .......##..
##.####........#...
######.†....... ........
#......@...##.. #####...
#....rKgr..# #...
#.....Kl..## #...
..........# #.........#
#.#.#.#.#.# ...........
#.#.#.#.#.#.
.....>.......


You could see a leopard gecko, a goblin, 2 kobolds and 2 rats.

Vanquished Creatures
  A dart slug (D:1)
  A leopard gecko (D:1)
  A giant cockroach (D:1)
  3 goblins (D:1)
  3 hobgoblins (D:1)
  A bat (D:1)
  A kobold (D:1)
  A rat (D:1)
12 creatures vanquished.

Notes
Turn   | Place    | Note
-------+----------+-------------------------------------------
     0 | D:1      | ANON1729 the Naga Gladiator began the quest for the Orb.
     0 | D:1      | Reached XP level 1. HP: 19/19 MP: 1/1
   343 | D:1      | Reached XP level 2. HP: 26/26 MP: 2/2
   468 | D:1      | Slain by a goblin

Skill      XL: |  1  2 |
---------------+-------+-----
Throwing       | 2 |  2.1
Fighting       | |  2.2
Axes           | |  3.2
Dodging        | |  2.6

Action                   || total
-------------------------++-------
Melee: War axe           ||    26
Armor: Leather armour    ||     9
Dodge: Dodged            ||    20
